AoeStats
← no one

Nomad

506732282Analyzed
2v2 RM · 18d ago on Sep 14, 2026· 41m 37s· 4 players
Game mode
Random Map
Map size
176×176
Population
200
Speed
Normal
Resources
Standard
Victory
Conquest
Starting age
Dark Age
Ending age
Imperial Age
RankedLock teamsTeams togetherTeam positionsShared explorationLock speedFull tech treeHidden civsTurbo modeCheats
Victory
Defeat
🇦🇷 Persians · Argentina
1440
+13
🇦🇷 Spanish · Argentina
1264
+20
🇹🇷 Persians · Türkiye
1386
-17
🇹🇷 Spanish · Türkiye
1342
-16
OsmanAbi
5:53 Loom
11:00 Feudal Age
17:11 Double-Bit Axe
20:55 Fishing Lines
25:28 Castle Age
28:18 Town Watch
29:09 Wheelbarrow
40:46 Imperial Age
39:59 Gillnets
Sem
4:13 Loom
16:57 Feudal Age
22:24 Castle Age
25:42 Fletching
31:16 Padded Archer Armor
37:32 Bodkin Arrow
ELBIO
4:55 Loom
14:59 Feudal Age
24:32 Castle Age
24:00 Double-Bit Axe
25:12 Bow Saw
27:55 Horse Collar
30:39 Wheelbarrow
33:05 Scale Barding Armor
33:18 Hand Cart
33:18 Heavy Plow
38:40 Imperial Age
36:26 Bloodlines
36:38 Chain Barding Armor
36:52 Husbandry
37:31 Gold Mining
37:52 Town Watch
38:23 Forging
38:59 Gold Shaft Mining
39:29 Conscription
39:48 Iron Casting
41:21 Plate Barding Armor
42:09 Blast Furnace
40:32 Cavalier
42:05 Crop Rotation
no one
7:10 Loom
11:57 Feudal Age
20:08 Castle Age
18:58 Double-Bit Axe
18:54 Horse Collar
27:09 Fletching
34:54 Bow Saw
38:28 Wheelbarrow
38:26 Town Watch
41:39 Imperial Age
Connection lost

Rejoining the realm…

Still unreachable

The connection could not be restored.

Session expired

The server has moved on; the page needs a fresh start.